Boah, chaotic female orcish Barbarian ..................................}}........................................ ...................................}}.......................O.O............. ...................................}}.......................O@^............. ....................................}}......................O.T............. -------------- -----....}}}.................................... |...}}}..................................... |....}}..................................... -....^...................................... ........}}..................................... -.......}}}.................................... |......}}}}}................................... |.......}}}.................................... -........}}.................................... ...........}}................................... |..............}}.................................. |.............}}}}................................. -............}}..}}................................ .............}}...}}................................ ...............}}...}}................................. .................}}....}}................................ Boah the Brigand Experience level: 10 Strength: 18/19 Dexterity: 16 Constitution: 18 Intelligence: 8 Wisdom: 11 Charisma: 7 Health: 0(95) Energy: 19(19) Def: 14 Gold: 0 Moves: 15746 Dungeon seed: -DTofuPEvmlH0fzZ Game ID: Boah_1501375153 Your Inventory: Weapons a - a rustproof +1 battle-axe (alternate weapon; not wielded) b - a +0 orcish short sword h - a +0 long sword (weapon in hand) Armor c - an uncursed +0 dwarvish mithril-coat (being worn) r - an uncursed +0 pair of low boots (being worn) y - an uncursed +0 dwarvish iron helm (being worn) G - an uncursed +0 cloak of protection (being worn) N - an uncursed +0 dwarvish roundshield (being worn) Comestibles V - 2 uncursed tripe rations Rings E - an uncursed ring of free action (on left hand) Wands g - a wand of nothing (0:3) P - a wand of sleep (0:3) W - a wand of magic missile (0:2) X - a wand of digging (0:1) Tools k - an uncursed skeleton key p - a +0 pick-axe z - an uncursed sack R - an uncursed credit card Z - a blessed bag of holding Gems n - an uncursed luckstone Contents of the sack: an uncursed clove of garlic an uncursed scroll of remove curse 2 uncursed chrysoberyl stones 3 uncursed diamonds an uncursed obsidian stone an uncursed sapphire 2 uncursed worthless pieces of black glass 3 uncursed worthless pieces of blue glass an uncursed worthless piece of green glass 4 uncursed worthless pieces of red glass an uncursed worthless piece of violet glass 4 uncursed worthless pieces of white glass Contents of the bag of holding: 2020 gold pieces a +0 dwarvish mattock a +0 elven dagger a +0 long sword a blessed +0 sling an uncursed +0 helmet an uncursed K-ration 5 uncursed apricots 16 uncursed food rations 7 uncursed lichen corpses 5 uncursed tripe rations a blessed scroll of destroy armor 2 uncursed scrolls of destroy armor 3 uncursed scrolls of earth an uncursed scroll of food detection a cursed scroll of identify 2 blessed scrolls of remove curse an uncursed spellbook of create monster an uncursed spellbook of cure blindness an uncursed spellbook of invisibility an uncursed spellbook of remove curse an uncursed potion of acid an uncursed potion of blindness a cursed potion of blindness an uncursed potion of gain energy an uncursed potion of healing an uncursed potion of invisibility an uncursed potion of levitation an uncursed potion of see invisible an uncursed ring of free action an uncursed ring of hunger a cursed ring of slow digestion a cursed ring of teleport control a wand of cold (0:1) a wand of make invisible (0:7) a wand of make invisible (0:6) a wand of make invisible (0:4) a wand of teleportation (0:3) an uncursed brass lantern (0:0) an expensive camera (0:59) an uncursed leash an uncursed magic lamp a magic marker (0:76) an uncursed mirror an uncursed sack 40 uncursed tallow candles (0:200) an uncursed tin opener an uncursed tin whistle a tinning kit (0:55) a tinning kit (0:51) an uncursed towel 12 uncursed wax candles (0:400) an uncursed amethyst stone 2 uncursed diamonds 3 uncursed emeralds an uncursed flint stone named The Heart of Ahriman 2 uncursed rubies 3 uncursed worthless pieces of black glass 2 uncursed worthless pieces of green glass an uncursed worthless piece of orange glass 4 uncursed worthless pieces of red glass 3 uncursed worthless pieces of violet glass 6 uncursed worthless pieces of white glass 2 uncursed worthless pieces of yellow glass 4 uncursed worthless pieces of yellowish brown glass Spells and supernatural/magical abilities: Name Level Category Fail Memory W - pray for help -- divine ? -- Your skills at the end: Fighting Skills bare handed combat [Basic] Weapon Skills axe [Expert] short sword [Basic] Spellcasting Skills Final Attributes: You were piously aligned. You were poison resistant. You were telepathic. You had infravision. You were protected. You were fast. You had free action. You were very lucky. You had extra luck. Bad luck did not time out for you. Good luck did not time out for you. You are dead. Vanquished creatures: 3 giant mimics 2 large mimics an air elemental 4 small mimics a quantum mechanic a pyrolisk a large dog a tengu an ochre jelly a leocrotta a stone giant a pit viper a wraith a leather golem a soldier a chameleon 2 giant beetles 3 cockatrices a wolf a panther a leprechaun 2 giant spiders a scorpion 2 black lights 2 gnome kings 2 orc mummies a dwarf mummy an owlbear a gold golem 2 werewolves a lizard a dog a jaguar 2 dwarf lords a blue jelly a snake 4 apes 4 human zombies a rope golem a Woodland-elf 2 soldier ants 7 fire ants 2 mountain nymphs an Uruk-hai 3 rock piercers 3 rock moles 2 ponies 2 fog clouds 3 yellow lights 2 shriekers 18 gnome lords 9 gnomish wizards 2 kobold mummies 3 golden naga hatchlings 4 barrow wights an elf zombie a ghoul a straw golem a baby crocodile 2 giant ants 2 little dogs 2 floating eyes 2 kittens 21 dwarves 2 kobold shamans 3 hill orcs 9 rothes 2 rabid rats 2 centipedes 4 giant bats 5 orc zombies 5 dwarf zombies a wererat 6 iguanas 3 acid blobs a coyote 5 gas spores 9 hobbits a large kobold 2 hobgoblins 6 cave spiders 4 green molds 3 red molds 78 gnomes 7 garter snakes a gnome zombie 7 geckos 12 jackals 9 foxes 6 kobolds a goblin 9 sewer rats 12 grid bugs 3 bats 10 lichens 5 kobold zombies 15 newts 405 creatures vanquished. Voluntary challenges: You used a wielded weapon 554 times, starting on turn 69. You read items or engraved 25 times, starting on turn 682. You never genocided any monsters. You never polymorphed an object. You never changed form. You used no wishes. You never split a pudding. You wrote Elbereth's name 8 times, starting on turn 6134. You violated your moral code, losing 15 points of alignment, starting on turn 1335. Dungeon overview: The Dungeons of Doom: levels 1 to 12 Level 1 a fountain a long staircase Level 2 Level 3 an altar to Mitra, some fountains stairs to The Gnomish Mines Level 4 some fountains Level 5 many fountains Level 6 stairs to Sokoban Level 7 Level 8 a general store Level 9 a general store, some fountains Level 10 a sink Level 11 an altar to Set portal to The Quest Level 12 The Gnomish Mines: levels 4 to 11 Level 4 stairs to The Dungeons of Doom Level 5 Level 6 many shops, a temple to Set, some fountains Level 7 Level 8 Level 9 Level 10 Level 11 The Quest: Level 1 <- You were here portal to The Dungeons of Doom Sokoban: levels 2 to 5 Level 2 Level 3 Level 4 Level 5 stairs to The Dungeons of Doom History has recorded: On T:1 you entered the Dungeons of Doom to retrieve the Amulet of Yendor! On T:231 you reached level 2 of The Dungeons of Doom. On T:585 you reached level 3 of The Dungeons of Doom. On T:681 you reached level 4 of The Dungeons of Doom. On T:802 you reached level 5 of The Dungeons of Doom. On T:859 you advanced to experience level 2. On T:1335 you advanced to experience level 3. On T:1433 you advanced to experience level 4. On T:1659 you reached level 1 of The Gnomish Mines. On T:2277 you advanced to experience level 5. On T:2292 you reached level 6 of The Dungeons of Doom. On T:2463 you reached level 4 of Sokoban. On T:2843 you reached level 3 of Sokoban. On T:3418 you reached level 2 of Sokoban. On T:3970 you reached level 1 of Sokoban. On T:4202 you advanced to experience level 6. On T:5450 you advanced to experience level 7. On T:5541 you reached level 7 of The Dungeons of Doom. On T:5754 you reached level 8 of The Dungeons of Doom. On T:5796 you reached level 9 of The Dungeons of Doom. On T:6199 you reached level 10 of The Dungeons of Doom. On T:6285 you reached level 11 of The Dungeons of Doom. On T:6320 you reached level 12 of The Dungeons of Doom. On T:8273 you advanced to experience level 8. On T:9064 you reached level 2 of The Gnomish Mines. On T:9294 you reached level 3 of The Gnomish Mines. On T:10348 you reached level 4 of The Gnomish Mines. On T:10511 you reached level 5 of The Gnomish Mines. On T:10639 you reached level 6 of The Gnomish Mines. On T:10720 you reached level 7 of The Gnomish Mines. On T:10826 you reached level 8 of The Gnomish Mines. On T:10916 you advanced to experience level 9. On T:13349 you advanced to experience level 10. On T:15718 you reached level 1 of The Quest. Score breakdown: Gold: 2020 (11244 points) Experience: 10 levels (16712 points) Exploration: 12 levels ( 24.00%) (14214 points) Discoveries: 33 items ( 13.41%) (10987 points) Valuables value: (no points given unless you survive) Artifact value: 0 ( 0 points) Variety of kills: 97 monsters ( 25.46%) (15137 points) Turncount: 15746 turns (-3049 points) Survival: died (score multiplied by 80%) Total score: 52196 Latest messages: You have a little trouble removing i - an uncursed scroll of teleportation. The ogre swings her club. The ogre hits! The troll hits! The troll misses. (2x) The ogre swings her club. The ogre hits! The ogre swings her club. The ogre hits! As you read the scroll, it disappears. A mysterious force prevents you from teleporting! The ogre swings her club. The ogre hits! The troll hits! (2x) The troll bites! You die... The sack is empty. The sack is empty. Final status: Goodbye Boah the Barbarian, killed by a troll... You died in The Quest on dungeon level 1 with 52196 points, and 2020 pieces of gold, after 15746 moves. You were level 10 with a maximum of 95 hit points when you died.